 Dungeon Crawl Stone Soup version 0.28-a0-381-g937acc2988 (webtiles) character file.

Game seed: 16284679155393342278

757 jasper the Basher (level 7, -1/52 HPs)
             Began as a Demonspawn Cinder Acolyte on Sept 2, 2021.
             Was a High Priest of Ignis.
             Slain by an ice beast (9 damage)
             ... on level 5 of the Dungeon.
             The game lasted 00:08:26 (4447 turns).

jasper the Basher (Demonspawn Cinder Acolyte)       Turns: 4447, Time: 00:08:26

Health: -1/52      AC: 10    Str: 17    XL:     7   Next: 50%
Magic:  8/8        EV:  9    Int: 14    God:    Ignis [*****.]
Gold:   242        SH:  0    Dex:  9    Spells: 7/8 levels left

rFire   + . .      SeeInvis .   a - -1 mace (flame)
rCold   . . .      Faith    .   (no shield)
rNeg    . . .      Spirit   .   n - +0 scale mail
rPois   .          Reflect  .   e - +0 helmet
rElec   .          Harm     .   r - +0 cloak
rCorr   .          Rampage  .   (no gloves)
Will    .....                   (no boots)
Stlth   ..........              (no amulet)
HPRegen 0.17/turn               (no ring)
MPRegen 0.11/turn               (no ring)

@: studying Shields
A: molten scales 1, spiny 1
a: Renounce Religion, Sea of Fire, Foxfire Swarm, Rising Flame


You were on level 5 of the Dungeon.
You worshipped Ignis.
Ignis was extremely pleased with you.
You visited 1 branch of the dungeon, and saw 5 of its levels.

You collected 242 gold pieces.

Inventory:

Hand Weapons
 a - a -1 mace of flaming (weapon)
 d - a +0 whip of venom
 j - a +4 flail
Missiles
 f - 4 poisoned darts (quivered)
 h - 107 stones
 i - 11 curare-tipped darts
Armour
 b - a +0 robe
 e - a +0 helmet (worn)
 g - a +0 ring mail
 n - a +0 scale mail (worn)
 p - a scarf of harm
 r - a +0 cloak (worn)
Scrolls
 m - a scroll of vulnerability
Potions
 c - a potion of magic
 k - a potion of flight
 o - a potion of curing


   Skills:
 - Level 3.0 Fighting
 + Level 8.2 Maces & Flails
 - Level 1.0 Spellcasting
 - Level 0.8 Fire Magic


You had 7 spell levels left.
You knew the following spells:

 Your Spells              Type           Power      Damage    Failure   Level
a - Foxfire               Conj/Fire      4%         2x1d4     63%         1

Your spell library contained the following spells:

 Spells                   Type           Power      Damage    Failure   Level
 Conjure Flame            Conj/Fire      1%         6-21      94%         3
 Inner Flame              Hex/Fire       1%         N/A       94%         3


Dungeon Overview and Level Annotations

Branches:
Dungeon (5/15)
 Temple: D:4-7

Altars:
Cheibriados
Vehumet


Innate Abilities, Weirdness & Mutations

You are partially covered in molten scales. (AC +2)
You are partially covered in sharp spines.


Message History

The ice beast hits you but does no damage.
You barely miss the ice beast. The ice beast is struck by your spines.
The ice beast hits you but does no damage.
You barely miss the ice beast.
The ice beast is lightly wounded.
The ice beast barely misses you.
You closely miss the ice beast.
The ice beast is lightly wounded.
The ice beast is struck by your spines. The ice beast hits you.
The ice beast freezes you!
You take 13 damage, and have 39/52 hp.
MASSIVE DAMAGE!!
You thump the ice beast!
You melt the ice beast.
The ice beast is severely wounded.
The ice beast hits you but does no damage.
You closely miss the ice beast.
The ice beast is severely wounded.
The ice beast is struck by your spines. The ice beast hits you.
The ice beast freezes you!
You take 15 damage, and have 24/52 hp.
MASSIVE DAMAGE!!
You closely miss the ice beast.
The ice beast is severely wounded.
The ice beast hits you. The ice beast freezes you!
* * * LOW HITPOINT WARNING * * *
You take 14 damage, and have 10/52 hp.
MASSIVE DAMAGE!!
Okay, then.
Your scale mail prevents you from hitting the ice beast.
The ice beast is severely wounded.
The ice beast is struck by your spines. The ice beast completely misses you.
You closely miss the ice beast.
The ice beast is almost dead.
The ice beast barely misses you.
You hit the ice beast.
You melt the ice beast.
The ice beast is almost dead.
The ice beast completely misses you.
You closely miss the ice beast.
The ice beast is almost dead.
The ice beast hits you.
* * * LOW HITPOINT WARNING * * *
The ice beast freezes you!
You die...

..................#
##.................#
#.....##..##........
#.....##+###........
#....##..##..###..#
######....##..##..###..#
.......................#
.......................#
####.@..##..##.......+
##Y########..##...#
#.....# #..##...#
#.....# #..##...#
##....# #..#....' #.<..#
#..##...# #....#
##..##'### ......
#........# ..([...
#........#


You could see an ice beast.

Vanquished Creatures
  Grinder (D:4)
  Sigmund (D:3)
  A necrophage (D:4)
  Dowan (D:4)
  2 iguanas (D:4)
  Terence (D:2)
  An orc wizard (D:2)
  Robin (D:2)
  A howler monkey zombie (D:4)
  3 adders (D:3)
  An adder skeleton (D:4)
  An adder zombie (D:5)
  5 worms
  A dart slug (D:1)
  5 orcs
  2 ball pythons
  6 endoplasms
  2 giant cockroaches
  6 hobgoblins
  4 jackals (D:1)
  6 quokkas
  4 bats
  14 frilled lizards
  15 goblins
  5 kobolds
  5 rats
95 creatures vanquished.

Vanquished Creatures (others)
  30 foxfires
  8 plants (D:3)
38 creatures vanquished.

Grand Total: 133 creatures vanquished

Notes
Turn   | Place    | Note
-------+----------+-------------------------------------------
     0 | D:1      | jasper the Demonspawn Cinder Acolyte began the quest for
                  | the Orb.
     0 | D:1      | Reached XP level 1. HP: 18/18 MP: 2/2
   360 | D:1      | Reached skill level 3 in Maces & Flails
   479 | D:1      | Gained mutation: You are partially covered in sharp spines.
                  | [demonic ancestry]
   479 | D:1      | Reached XP level 2. HP: 22/24 MP: 1/3
   794 | D:1      | Found a faded altar of an unknown god.
   935 | D:1      | Reached XP level 3. HP: 29/29 MP: 2/4
  1264 | D:2      | Found a radiant altar of Vehumet.
  1330 | D:2      | Reached skill level 4 in Maces & Flails
  1575 | D:2      | Reached XP level 4. HP: 26/35 MP: 5/5
  1809 | D:2      | Noticed Robin
  1878 | D:2      | Killed Robin
  2151 | D:2      | Reached skill level 5 in Maces & Flails
  2271 | D:2      | Noticed Terence
  2290 | D:2      | Killed Terence
  2295 | D:2      | Reached XP level 5. HP: 31/41 MP: 6/6
  2722 | D:3      | Found a snail-covered altar of Cheibriados.
  2727 | D:3      | Noticed Sigmund
  2763 | D:3      | Killed Sigmund
  2764 | D:3      | Reached skill level 6 in Maces & Flails
  2764 | D:3      | Reached XP level 6. HP: 41/47 MP: 7/7
  3244 | D:4      | Noticed Grinder
  3258 | D:4      | Killed Grinder
  3259 | D:4      | Reached skill level 7 in Maces & Flails
  3259 | D:4      | Gained mutation: You are partially covered in molten
                  | scales. (AC +2) [demonic ancestry]
  3259 | D:4      | Reached XP level 7. HP: 22/52 MP: 8/8
  3652 | D:4      | Reached skill level 8 in Maces & Flails
  4062 | D:4      | Noticed Dowan
  4086 | D:4      | Killed Dowan
  4337 | D:5      | Entered Level 5 of the Dungeon
  4373 | D:5      | Identified the +0 ring mail of the Miller {Str+3}
  4447 | D:5      | Slain by an ice beast

Illustrated notes

Levels and vault maps discovered:
D:1:      dpeg_arrival_concentric_ovals, layout_loops_cross,
          shapermc_ecumenical_altar_totnotflames
D:2:      layout_basic, basic_altar, kennysheep_another_room,
          minmay_hexomino_f4, uniq_robin, uniq_terence
D:3:      layout_loops_ring, mainiacjoe_overflow_paths, minmay_lizard_king,
          uniq_sigmund
D:4:      layout_loops_cross, jmf_multi_god_temple2, uniq_duvessa, uniq_grinder
D:5:      layout_gridville, nemelex_dance_club_becter

Skill      XL: |  1  2  3  4  5  6  7 |
---------------+----------------------+-----
Maces & Flails | 3 4 5 6 7 8 |  8.2
Fighting       | |  3.0
Spellcasting   | |  1.0
Fire Magic     | |  0.8

Action                   |  1- 3 |  4- 6 |  7- 9 || total
-------------------------+-------+-------+-------++-------
Melee: Mace              |    80 |     2 |    11 ||    93
       Whip              |       |    90 |    42 ||   132
       Flail             |       |       |     8 ||     8
Throw: Dart              |       |     9 |     9 ||    18
 Cast: Foxfire           |    20 |       |       ||    20
Evoke: Wand              |       |     5 |       ||     5
  Use: Scroll            |     2 |     5 |     2 ||     9
       Potion            |     1 |     4 |       ||     5
Armor: Robe              |     4 |       |       ||     4
       Ring mail         |    28 |    18 |       ||    46
       Scale mail        |       |    17 |    13 ||    30
Dodge: Dodged            |    36 |    20 |    11 ||    67

Table legend: (Time is in decaauts)
 A = Elapsed time spent in this place.
 B = Non-inter-level travel time spent in this place.
 C = Inter-level travel time spent in this place.
 D = Time resting spent in this place.
 E = Time spent auto-exploring this place.
 F = Levels seen in this place.
 G = Mean time per level.
                   A        B        C        D        E       F      G
               +--------+--------+--------+--------+--------+-----+--------+
         Total |   4420 |   4288 |    132 |    429 |   3076 |   5 |  884.0 |
       Dungeon |   4420 |   4288 |    132 |    429 |   3076 |   5 |  884.0 |
               +--------+--------+--------+--------+--------+-----+--------+

Top non-repeatable levels by time:
     D:1: 1229 daAuts
     D:2: 1223 daAuts
     D:3: 983 daAuts
     D:4: 877 daAuts
     D:5: 106 daAuts
